 Dungeon Crawl Stone Soup version 0.25-a0-990-g0adbbaad2a (webtiles) character file.

Game seed: 12668979394051937914, levelgen mode: deterministic

584649 KiliKikkendorf the Axe Maniac (level 27, -13/271 HPs)
             Began as a Hill Orc Fighter on May 4, 2020.
             Was an Elder of the Shining One.
             Killed from afar by a white draconian (19 damage)
             ... with a chilling blast
             ... on level 3 of the Realm of Zot on May 10, 2020.
             The game lasted 07:16:16 (77004 turns).

KiliKikkendorf the Axe Maniac (Hill Orc Fighter)   Turns: 77004, Time: 07:16:18

Health: -13/271    AC: 37    Str: 33    XL:     27
Magic:  32/32      EV:  7    Int: 14    God:    the Shining One [****..]
Gold:   6473       SH: 28    Dex: 21    Spells: 26/26 levels left

rFire    + + +     SeeInvis +   E - +9 broad axe (vorpal)
rCold    . . .     Gourm    .   P - +0 tower shield
rNeg     + + .     Faith    .   i - +11 crystal plate armour
rPois    .         Spirit   .   S - +0 mask of the Dragon {MR+ Slay+3 SInv}
rElec    +         Reflect  .   j - scarf {rC+ rF+}
rCorr    .         Harm     .   D - +2 pair of gloves of Greed {*Contam rElec rF+ Int+4 SInv}
MR       +++..                  k - +2 pair of boots
Stlth    ..........             b - amulet of Desertification {rElec rF- Regen+ Int+2 Dex+6}
HPRegen  0.95/turn              Q - ring of protection from fire
MPRegen  0.23/turn              V - ring of Koynouk {Fire Str+3 Dex+3 SInv Stlth+}

@: lethally poisoned (-13 -> -13), corroded, berserk cooldown, slowed, glowing,
very slow
A: hooves 1, agile 1, weak 1
}: 3/15 runes: decaying, serpentine, abyssal
a: Divine Shield, Cleansing Flame, Renounce Religion


You were on level 3 of the Realm of Zot.
You worshipped the Shining One.
The Shining One was greatly pleased with you.
You were not hungry.

You visited 11 branches of the dungeon, and saw 50 of its levels.
You visited the Abyss 1 time.
You also visited: Bailey and Ice Cave.

You collected 6944 gold pieces.
You spent 471 gold pieces at shops.

Inventory:

Hand Weapons
 c - the +5 war axe of Syhoul {antimagic, Dex+4}
   (You found it on level 4 of the Depths)

   It reduces the magical energy of the wielder, and disrupts the spells and
   magical abilities of those hit.
   Natural abilities and divine invocations are not affected.
   It affects your dexterity (+4).
 m - a +9 broad axe of flaming
 u - a +9 broad axe of holy wrath
 E - a +9 vorpal broad axe (weapon)
Armour
 i - a +11 crystal plate armour (worn)
 j - a scarf of resistance (worn)
 k - a +2 pair of boots (worn)
 D - the +2 pair of gloves of Greed (worn) {*Contam rElec rF+ Int+4 SInv}
   (You found it on level 2 of the Depths)

   It affects your intelligence (+4).
   It protects you from fire.
   It insulates you from electricity.
   It lets you see invisible.
   It causes magical contamination when unequipped.
 I - +2 storm dragon scales {Bai Suzhen}
 P - a +0 tower shield (worn)
 S - the +0 mask of the Dragon (worn) {MR+ Slay+3 SInv}
   (You found it on level 3 of the Lair of Beasts)

   It affects your accuracy and damage with ranged weapons and melee attacks
   (+3).
   It affects your resistance to hostile enchantments.
   It lets you see invisible.
Jewellery
 b - the amulet of Desertification (around neck) {rElec rF- Regen+ Int+2 Dex+6}
   (You found it on level 3 of the Crypt)

   [amulet of regeneration]

   It affects your intelligence (+2).
   It affects your dexterity (+6).
   It makes you vulnerable to fire.
   It insulates you from electricity.
   It increases your rate of regeneration.
 g - a +3 ring of evasion
 r - an uncursed ring of poison resistance
 t - an uncursed ring of flight
 v - an uncursed ring of protection from fire
 y - the amulet "Capley Wini" {Acrobat rF+ MR+ Dex+3}
   (You acquired it on level 1 of the Vaults)

   [amulet of the acrobat]

   It helps you evade while moving and waiting.
   It affects your dexterity (+3).
   It protects you from fire.
   It affects your resistance to hostile enchantments.
 z - the amulet of the Air {Inacc +Fly rElec EV+5 RMsl}
   (You found it on level 4 of the Depths)

   [amulet of inaccuracy]

   It reduces the accuracy of all your attacks.
   It affects your evasion (+5).
   It insulates you from electricity.
   It lets you fly.
   It protects you from missiles.
 B - an uncursed ring of teleportation
 L - an uncursed ring of protection from cold
 M - a +6 ring of dexterity
 N - the ring "Haofrife" {rN+ Int+3, unknown}
   (You found it on level 3 of the Crypt)

   [ring of positive energy]

   It affects your intelligence (+3).
   It protects you from negative energy.
 O - an uncursed ring of protection from cold
 Q - a ring of protection from fire (left hand)
 V - the ring of Koynouk (right hand) {Fire Str+3 Dex+3 SInv Stlth+}
   (You found it on level 4 of the Lair of Beasts)

   [ring of fire]

   It enhances your fire magic.
   It affects your strength (+3).
   It affects your dexterity (+3).
   It protects you from fire.
   It makes you vulnerable to cold.
   It lets you see invisible.
   It makes you more stealthy.
Wands
 o - a wand of digging (16)
 x - a wand of polymorph (33)
 J - a wand of acid (45)
 Z - a wand of iceblast (20)
Scrolls
 a - 2 scrolls of holy word
 h - 12 scrolls of teleportation
 l - 3 scrolls of identify
 n - 3 scrolls of blinking
 p - 10 scrolls of remove curse
 q - 6 scrolls of magic mapping
 R - 5 scrolls of fog
 X - a scroll of summoning
 Y - 3 scrolls of silence
Potions
 d - 12 potions of might
 e - 2 potions of resistance
 s - 7 potions of lignification
 w - 2 potions of berserk rage
 C - 3 potions of ambrosia
 F - 5 potions of mutation
 G - 5 potions of haste
 H - 4 potions of stabbing
 K - 3 potions of flight
 T - 8 potions of curing
Miscellaneous
 U - a lightning rod (2/4)
Comestibles
 f - 45 rations


   Skills:
 + Level 26.8 Fighting
 O Level 27 Axes
   Level 4.7(16.7) Maces & Flails
   Level 2.5 Slings
 + Level 20.0 Armour
 + Level 25.8 Shields
 - Level 12.9 Invocations
 - Level 2.6 Evocations


You had 26 spell levels left.
You didn't know any spells.
Your spell library contained the following spells:

 Spells                   Type           Power        Failure   Level  Hunger
 Animate Skeleton         Necr           N/A          93%         1    ##.....
 Apportation              Tloc           #.....       93%         1    ##.....
 Beastly Appendage        Tmut           #.....       93%         1    ##.....
 Corona                   Hex            #......      93%         1    ##.....
 Foxfire                  Conj/Fire      #...         93%         1    ##.....
 Freeze                   Ice            #...         93%         1    ##.....
 Infusion                 Chrm           #...         93%         1    ##.....
 Magic Dart               Conj           #...         93%         1    ##.....
 Pain                     Necr           #...         93%         1    ##.....
 Sandblast                Erth           #.....       93%         1    ##.....
 Shock                    Conj/Air       #...         93%         1    ##.....
 Sting                    Tmut/Pois      #...         93%         1    ##.....
 Summon Butterflies       Summ           #.......     93%         1    ##.....
 Summon Small Mammal      Summ           #...         93%         1    ##.....
 Blink                    Tloc           N/A          98%         2    ###....
 Call Imp                 Summ           #.......     98%         2    ###....
 Passwall                 Tmut/Erth      #.......     98%         2    ###....
 Poisonous Vapours        Pois/Air       #.....       98%         2    ###....
 Shroud of Golubria       Chrm/Tloc      #.....       98%         2    ###....
 Slow                     Hex            #.......     98%         2    ###....
 Song of Slaying          Chrm           #.......     98%         2    ###....
 Sticks to Snakes         Tmut           #.......     98%         2    ###....
 Call Canine Familiar     Summ           #.......     100%        3    ####...
 Confusing Touch          Hex            #.......     100%        3    ####...
 Conjure Flame            Conj/Fire      #.......     100%        3    ####...
 Dazzling Flash           Conj/Hex       #.....       100%        3    ####...
 Frozen Ramparts          Ice            #.....       100%        3    ####...
 Gell's Gravitas          Tloc           #.........   100%        3    ####...
 Ignite Poison            Fire/Tmut/Pois #.......     100%        3    ####...
 Inner Flame              Hex/Fire       #.......     100%        3    ####...
 Mephitic Cloud           Conj/Pois/Air  #.......     100%        3    ####...
 Ozocubu's Armour         Chrm/Ice       #.......     100%        3    ####...
 Portal Projectile        Hex/Tloc       #.....       100%        3    ####...
 Spectral Weapon          Hex/Chrm       #.......     100%        3    ####...
 Spider Form              Tmut/Pois      #.........   100%        3    ####...
 Stone Arrow              Conj/Erth      #.....       100%        3    ####...
 Summon Guardian Golem    Hex/Summ       #.......     100%        3    ####...
 Vampiric Draining        Necr           #.........   100%        3    ####...
 Animate Dead             Necr           N/A          100%        4    #####..
 Hailstorm                Conj/Ice       #.......     100%        4    #####..
 Ice Form                 Ice/Tmut       #.......     100%        4    #####..
 Olgreb's Toxic Radiance  Pois           #.......     100%        4    #####..
 Petrify                  Tmut/Erth      #.......     100%        4    #####..
 Sticky Flame             Conj/Fire      #.......     100%        4    #####..
 Summon Ice Beast         Ice/Summ       #.......     100%        4    #####..
 Summon Lightning Spire   Summ/Air       #.......     100%        4    #####..
 Agony                    Necr           #.......     100%        5    ######.
 Blade Hands              Tmut           #.........   100%        5    ######.
 Bolt of Magma            Conj/Fire/Erth #.........   100%        5    ######.
 Fireball                 Conj/Fire      #.........   100%        5    ######.
 Iskenderun's Battlesphe  Conj/Chrm      #.......     100%        5    ######.
 Lee's Rapid Deconstruct  Erth           #.........   100%        5    ######.
 Metabolic Englaciation   Hex/Ice        #.........   100%        5    ######.
 Silence                  Hex/Air        #.........   100%        5    ######.
 Summon Mana Viper        Hex/Summ       #.......     100%        5    ######.
 Yara's Violent Unravell  Hex/Tmut       #.........   100%        5    ######.
 Conjure Ball Lightning   Conj/Air       #.........   100%        6    #######
 Dispersal                Tloc           #.........   100%        6    #######
 Freezing Cloud           Conj/Ice/Air   #.........   100%        6    #######
 Iron Shot                Conj/Erth      #.........   100%        6    #######
 Ozocubu's Refrigeration  Ice            #.........   100%        6    #######
 Simulacrum               Ice/Necr       #.........   100%        6    #######
 Orb of Destruction       Conj           #.........   100%        7    #######
 Ring of Flames           Chrm/Fire      #.........   100%        7    #######
 Spellforged Servitor     Conj/Summ      #.........   100%        7    #######
 Summon Hydra             Summ           #.........   100%        7    #######
 Controlled Blink         Tloc           N/A          100%        8    #######
 Disjunction              Tloc           #.........   100%        8    #######
 Tornado                  Air            #.........   100%        9    #######


Dungeon Overview and Level Annotations

Branches:
Dungeon (15/15)            Temple (1/1) D:4            Lair (6/6) D:8
  Swamp (4/4) Lair:3        Snake (4/4) Lair:3        Slime (0/5) Lair:6
    Orc (2/2) D:11            Elf (3/3) Orc:2        Vaults (4/5) D:13
  Crypt (3/3) Vaults:3       Tomb (0/3) Crypt:3      Depths (5/5) D:15
    Zot (3/5) Depths:5     Bailey (visited)           IceCv (visited)

Altars:
Ashenzari
Cheibriados
Dithmenos
Elyvilon
Fedhas
Gozag
Hepliaklqana
Kikubaaqudgha
Makhleb
Nemelex Xobeh
Okawaru
Qazlal
Ru
Sif Muna
Trog
Uskayaw
Vehumet
Wu Jian
Xom
Yredelemnul
Zin
The Shining One

Shops:
D:8 [   Orc:2 :(((   Elf:2 [   Vaults:1 :   Vaults:2 *   Vaults:4 =
Depths:1 *   Depths:3 }   Depths:4 }}=

Portals:
Hell: Depths:1 Depths:2 Depths:3 Depths:4 Depths:5
Abyss: Depths:2 Depths:4 Depths:5
Pandemonium: Depths:1 Depths:3 Depths:5
Ziggurat: Depths:3
Trove: Vaults:4 (give +4 shadow dragon scales)

Annotations:
Snake:3 Roxanne
Elf:2 exclusion: orange crystal statue
Vaults:2 3 runed translucent doors, exclusion: obsidian statue, Miduin's ghost, adept TeSu
Zot:2 2 transporters, exclusion: obsidian statue


Innate Abilities, Weirdness & Mutations

You have large cloven feet.
You are agile. (Dex +2)
You are weak. (Str -2)


Message History

* * * LOW HITPOINT WARNING * * *
Your surroundings suddenly seem different.
The ice encasing you melts away.
You feel sick.
A red draconian comes into view.
It is wielding a +2 battleaxe of freezing.
The red draconian roars!
A white draconian comes into view.
It is wielding a +2 short sword of venom.
The white draconian roars!
A purple draconian comes into view. It is wielding a +0 flail.
The purple draconian roars!
The purple draconian breathes dispelling energy at you.
The bolt of dispelling energy misses you.
The black draconian picks up a scroll of teleportation.
A black draconian comes into view. It is wielding a +0 mace.
The black draconian breathes lightning at you.
The bolt of lightning hits you. You resist.
* * * LOW HITPOINT WARNING * * *
The white draconian breathes frost at you.
The chilling blast hits you!!
You die...

..............
dq............# ....d
q.q...........# .....
######.q......# #.d...
#qk......# #......
#........###..............
#........##.d.≈≈≈ . .....
#........##..§§§≈≈. #...#
#qq......##@..≈≈≈.. #...#
#..#########..d..§. #...#
#dl#≈≈§≈## #.....###...##
#.k#≈≈≈≈############.....###
######..#§≈≈≈####..#
#.........
.....'..#########..#
#.###.###.
##.###....k.A......# #.# #.#
#. #.# ###########'### #.#
#.# #. #.# #.# #.###.###.


You could see a black draconian (catching breath), a purple draconian (catching
breath), a red draconian and a white draconian (catching breath).

Vanquished Creatures
  An orb of fire (Zot:2)
  An ancient lich (Abyss:3)
  Sojobo (Depths:1)
  12 golden dragons
  6 bone dragons (Abyss:3)
  2 electric golems (Zot:1)
  5 tentacled monstrosities
  A deep elf blademaster (Elf:2)
  6 liches
  2 quicksilver dragons
  Rupert (D:15)
  A shard shrike skeleton (Crypt:1)
  2 death cobs
  Gastronok (Lair:2)
  11 tentacled starspawn (Abyss:3)
  3 revenants
  An Executioner (Abyss:3)
  4 tengu reavers
  Kirke (D:15)
  3 ancient champions
  A thorn hunter (Swamp:3)
  6 storm dragons
  3 daevas (Depths:2)
  4 shadow dragons
  3 draconian monks
  6 fire giants
  11 nagarajas
  7 vault wardens
  2 draconian scorchers
  2 deep elf sorcerers
  2 draconian knights
  Louise (D:15)
  2 balrugs
  10 frost giants
  5 ghouls
  2 draconian shifters
  2 curse skulls (Crypt:3)
  5 angels
  A caustic shrike zombie (Crypt:1)
  Aizul (Snake:1)
  7 ironheart preservers
  A draconian annihilator (Depths:4)
  The ghost of Caramio the Severer, a journeyman GrBe of Trog (Orc:2)
  A reaper (Crypt:3)
  14 very ugly things
  2 entropy weavers
  4 green draconians
  8 vampire knights
  3 black draconians
  17 stone giants
  4 yellow draconians
  6 white draconians
  A red draconian (Zot:1)
  2 dire elephants
  5 spark wasps
  A deep elf annihilator (Depths:4)
  3 purple draconians
  4 green deaths
  A merfolk javelineer (Depths:5)
  7 eidola
  10 ettins
  The ghost of monokles the Fighter, a journeyman FoSk of Uskayaw (D:10)
  2 death oozes (Swamp:4)
  2 deep elf death magi
  4 jiangshi
  10 fire dragons
  Josephine (D:10)
  9 yaktaur captains
  9 ice dragons
  8 rakshasas
  12 great orbs of eyes
  20 naga warriors
  3 spriggan air magi
  2 shambling mangroves
  5 vault guards
  Erolcha (D:9)
  2 ghost crabs
  17 hydras
  2 hell beasts
  3 catoblepae
  The ghost of Tiynuago the Grappler, a journeyman VSFi of Cheibriados (Lair:4)
  17 anacondas
  21 two-headed ogres
  6 deep troll shamans
  20 dancing weapons
  5 centaur warriors
  6 ogre magi
  6 death knights
  13 alligators
  A tengu warrior (Depths:2)
  15 death yaks
  6 deep troll earth magi
  11 naga sharpshooters
  13 vampire magi
  5 hell hogs (Abyss:3)
  Urug (Orc:2)
  A spectral dire elephant (Crypt:3)
  14 hell knights
  4 orc high priests (Orc:1)
  14 thrashing horrors
  3 spriggan berserkers
  2 sun demons (Abyss:3)
  2 iron trolls
  A fire crab (shapeshifter) (D:13)
  18 deep elf knights
  17 wretched stars (Abyss:3)
  8 shock serpents
  2 soul eaters (Abyss:3)
  2 fire crabs (Abyss:3)
  4 spatial maelstroms
  9 sea snakes (Snake:4)
  9 sixfirhies
  2 salamander mystics
  28 skeletal warriors
  A storm dragon skeleton (Depths:2)
  15 deep trolls
  3 death drakes
  6 cherubim (Depths:2)
  An unseen horror (shapeshifter) (D:13)
  21 shadow wraiths
  3 glowing orange brains
  2 glowing orange brains (shapeshifter)
  8 deep elf archers
  9 swamp dragons
  6 flayed ghosts
  A lindwurm (Lair:6)
  3 unseen horrors
  8 naga ritualists
  A shadow dragon zombie (Crypt:3)
  An infernal demonspawn (Depths:5)
  11 ironbrand convokers
  8 wizards
  12 phantasmal warriors
  5 orc knights
  A golden dragon skeleton (Crypt:2)
  11 mana vipers
  24 ugly things
  45 deep elf magi
  An orb spider (shapeshifter) (Depths:4)
  4 necromancers
  A shining eye (shapeshifter) (Depths:4)
  6 cyclopes
  3 orc sorcerers
  A shadow dragon skeleton (Depths:1)
  A wolf spider (D:15)
  A salamander (shapeshifter) (Depths:4)
  7 worldbinders (Abyss:3)
  A stone giant zombie (Abyss:3)
  A manticore (shapeshifter) (Vaults:3)
  40 black mambas
  A stone giant skeleton (Abyss:3)
  12 guardian serpents
  16 salamanders
  A manticore (D:15)
  15 moths of wrath
  7 elephants
  14 naga magi
  2 apocalypse crabs (Abyss:3)
  A water nymph (Abyss:3)
  9 orange demons
  A black mamba (shapeshifter) (D:15)
  An ice statue (IceCv)
  A titan simulacrum (Abyss:3)
  9 vault sentinels
  A molten gargoyle (Depths:1)
  3 gargoyles
  12 spiny frogs
  10 smoke demons
  A spiny frog (shapeshifter) (Vaults:2)
  4 kobold demonologists
  A sea snake zombie (Crypt:2)
  17 freezing wraiths
  A swamp worm zombie (Crypt:3)
  7 komodo dragons
  29 yaktaurs
  A tormentor (Abyss:3)
  An elf zombie (Depths:1)
  A white draconian skeleton (Crypt:2)
  10 rime drakes
  9 tengu conjurers
  A sea snake skeleton (Crypt:1)
  A purple draconian skeleton (Crypt:2)
  4 efreet
  2 red devils
  A harpy zombie (Abyss:3)
  7 hellwings (Abyss:3)
  9 ancient zymes (Abyss:3)
  5 guardian mummies (Crypt:3)
  6 trolls
  An ice devil (Depths:5)
  A wandering mushroom (Depths:4)
  3 meliai (D:13)
  A death yak skeleton (Crypt:2)
  34 large abominations
  A jumping spider (Vaults:2)
  8 tyrant leeches
  A moth of wrath zombie (Crypt:3)
  A jumping spider (shapeshifter) (Vaults:3)
  A shadow dragon simulacrum (Abyss:3)
  16 polar bears (IceCv)
  2 hornets (shapeshifter)
  A sphinx simulacrum (Depths:2)
  4 hornets
  12 bog bodies
  62 slime creatures
  8 blink frogs
  23 raiju (Abyss:3)
  A fire dragon skeleton (Depths:1)
  10 hippogriffs
  A black mamba zombie (Abyss:3)
  A stone giant simulacrum (Vaults:1)
  A frost giant simulacrum (Crypt:3)
  A centaur simulacrum (D:15)
  11 ynoxinuls
  A wyvern (D:14)
  3 redbacks
  A spriggan (Swamp:2)
  An air elemental (Elf:2)
  A vampire (D:15)
  11 flying skulls
  4 fire elementals
  A deep troll skeleton (Depths:1)
  4 water elementals
  13 shadows
  A human (shapeshifter) (D:12)
  10 wraiths
  A tarantella (Vaults:4)
  52 yaks
  2 yaks (shapeshifter)
  3 basilisks
  2 fire bats (Abyss:3)
  7 neqoxecs (Abyss:3)
  2 golden eyes (shapeshifter)
  4 hungry ghosts
  3 chaos spawn (Abyss:3)
  A death yak simulacrum (Lair:4)
  A spatial vortex (Abyss:3)
  7 vampire mosquitoes
  13 insubstantial wisps
  51 nagas
  8 wargs
  A soldier ant (shapeshifter) (Vaults:2)
  17 swamp worms
  17 water moccasins
  An orb spider zombie (Crypt:2)
  A spectral snapping turtle (Crypt:3)
  A spiny frog zombie (Abyss:3)
  A hell hound (Depths:2)
  22 orc warriors
  A merfolk skeleton (Abyss:3)
  5 porcupines
  9 swamp drakes
  7 black bears
  4 ice beasts
  4 eyes of draining
  A sky beast (Abyss:3)
  2 black mamba simulacra (Lair:4)
  5 necrophages
  20 boggarts
  2 phantoms
  29 wolves
  22 ogres
  17 centaurs
  7 crocodiles
  18 big kobolds
  A rime drake skeleton (Crypt:1)
  A wyvern zombie (D:13)
  18 bullfrogs
  A spiny frog simulacrum (Lair:4)
  8 gnoll sergeants (Bailey)
  A komodo dragon skeleton (Crypt:2)
  A draconian skeleton (Crypt:1)
  A water moccasin zombie (D:8)
  A wyvern skeleton (D:13)
  5 earth elementals
  5 scorpions
  22 small abominations (Abyss:3)
  2 elephant simulacra (Lair:4)
  11 killer bees
  17 wights
  2 howler monkeys
  A rime drake simulacrum (Lair:4)
  3 electric eels
  A bullfrog zombie (D:11)
  10 crimson imps
  46 starcursed masses (Abyss:3)
  4 bullfrog skeletons
  38 orc priests
  5 hounds
  5 centaur zombies
  6 quasits
  6 jellies
  25 orc wizards
  3 centaur skeletons
  5 iguanas
  4 iron imps (Abyss:3)
  6 gnoll shamans (Bailey)
  2 hell rats (D:8)
  A human skeleton (Abyss:3)
  10 worker ants
  A sky beast zombie (Crypt:1)
  A big kobold skeleton (Crypt:1)
  3 hound skeletons
  7 mummies (Crypt:3)
  2 worker ant zombies
  24 gnolls
  A howler monkey skeleton (D:5)
  20 adders
  A river rat (D:8)
  7 shadow imps
  3 white imps
  6 ufetubi
  6 worms
  3 dart slugs (D:3)
  4 leopard geckos
  74 orcs
  5 bat skeletons (D:5)
  2 bat zombies (D:5)
  4 giant cockroaches
  13 goblins
  3 hobgoblins
  3 jackals (D:6)
  38 kobolds
  5 quokkas
  2 ball pythons
  9 bats
  7 frilled lizards
  A leopard gecko skeleton (Crypt:2)
  A leopard gecko zombie (D:8)
  9 rats
  6 fungi
  2 lurking horrors (Abyss:3)
  7 plants
  7 starspawn tentacles (Abyss:3)
2343 creatures vanquished.

Vanquished Creatures (collateral kills)
  Mennas (Depths:2)
  A juggernaut (Abyss:3)
  Bai Suzhen (Snake:4)
  A bone dragon (Abyss:3)
  3 liches
  4 tentacled starspawn (Abyss:3)
  A tengu reaver (Abyss:3)
  2 revenants (Crypt:3)
  Donald (Snake:1)
  A daeva (Abyss:3)
  A draconian scorcher (Zot:3)
  A nagaraja (Snake:4)
  A draconian shifter (Zot:3)
  A cacodemon (Abyss:3)
  A vault warden (Vaults:1)
  A juggernaut zombie (Crypt:3)
  3 very ugly things
  An ironheart preserver (Vaults:1)
  A reaper (Abyss:3)
  A draconian annihilator (Zot:3)
  2 ophanim (Abyss:3)
  A lorocyproca (Abyss:3)
  A red draconian (Zot:3)
  3 eidola
  A purple draconian (Zot:3)
  A jiangshi (Crypt:2)
  A deep elf death mage (Crypt:3)
  An ogre mage (Abyss:3)
  An ice dragon (Abyss:3)
  A rakshasa (Abyss:3)
  A hydra (D:14)
  An alligator (Swamp:3)
  3 naga warriors
  5 anacondas (Snake:4)
  A two-headed ogre (Vaults:1)
  A death knight (Crypt:2)
  A deep troll shaman (Vaults:1)
  3 deep troll earth magi
  10 thrashing horrors (Abyss:3)
  2 satyrs (Abyss:3)
  A sun demon (Abyss:3)
  3 naga sharpshooters (Snake:4)
  A soul eater (Abyss:3)
  A spriggan berserker (Depths:5)
  2 wretched stars (Abyss:3)
  An iron troll (Depths:5)
  4 shadow wraiths (Crypt:3)
  A spatial maelstrom (Abyss:3)
  4 hell knights
  3 flayed ghosts (Crypt:3)
  A sea snake (Snake:4)
  4 skeletal warriors
  An unseen horror (Abyss:3)
  2 cherubim (Abyss:3)
  An ironbrand convoker (Vaults:1)
  A naga ritualist (Snake:4)
  7 phantasmal warriors (Crypt:3)
  2 mana vipers
  A shadow dragon zombie (Crypt:3)
  3 necromancers
  2 ugly things (Vaults:1)
  3 worldbinders (Abyss:3)
  3 apocalypse crabs (Abyss:3)
  2 salamanders (Snake:4)
  2 guardian serpents
  2 rust devils
  3 black mambas
  4 naga magi (Snake:4)
  6 smoke demons (Abyss:3)
  9 large abominations (Abyss:3)
  2 hellions (Abyss:3)
  An orange demon (Abyss:3)
  A green draconian zombie (Crypt:2)
  3 yaktaurs
  A tormentor (Abyss:3)
  2 freezing wraiths (Crypt:3)
  A demonic crawler (Abyss:3)
  A red devil (Abyss:3)
  6 ancient zymes (Abyss:3)
  A wolf spider simulacrum (Abyss:3)
  A bog body (Crypt:2)
  24 raiju (Abyss:3)
  A guardian serpent skeleton (Crypt:3)
  4 shadows (Crypt:3)
  7 flying skulls
  4 ynoxinuls (Abyss:3)
  2 wraiths (Crypt:3)
  5 hungry ghosts (Crypt:3)
  2 chaos spawn (Abyss:3)
  3 neqoxecs (Abyss:3)
  A spatial vortex (Abyss:3)
  6 nagas
  2 ogres (Vaults:1)
  An eye of draining (Abyss:3)
  An octopode zombie (Crypt:3)
  7 big kobolds (Abyss:3)
  8 small abominations (Abyss:3)
  A crimson imp (Abyss:3)
  10 starcursed masses (Abyss:3)
  A quasit (Abyss:3)
  2 iron imps (Abyss:3)
  A white imp (Abyss:3)
  3 ufetubi (Abyss:3)
  A halfling skeleton (Crypt:3)
  A goblin zombie (Crypt:3)
  A bush (Abyss:3)
  2 starspawn tentacles (Abyss:3)
270 creatures vanquished.

Vanquished Creatures (others)
  A naga warrior (Snake:4)
  A wretched star (Abyss:3)
  2 tengu conjurers (Depths:3)
  A slime creature (Swamp:3)
  A chaos spawn (Abyss:3)
  A swamp worm (Swamp:3)
  2 small abominations (Abyss:3)
  A swamp drake (Swamp:1)
  A centaur (D:15)
  A quasit (Abyss:3)
  An orc wizard (D:15)
  An ufetubus (Abyss:3)
  23 fungi
  6 plants
  33 starspawn tentacles (Abyss:3)
76 creatures vanquished.

Grand Total: 2689 creatures vanquished

Notes
Turn   | Place    | Note
-------+----------+-------------------------------------------
     0 | D:1      | KiliKikkendorf the Hill Orc Fighter began the quest for the
                  | Orb.
     0 | D:1      | Reached XP level 1. HP: 19/19 MP: 1/1
   367 | D:1      | Upgraded the game from 0.25-a0-934-g041635d5d1 to
                  | 0.25-a0-942-g87a53962fc
   382 | D:1      | Reached XP level 2. HP: 24/27 MP: 2/2
   517 | D:1      | Reached skill level 3 in Axes
  1207 | D:2      | Reached XP level 3. HP: 29/33 MP: 3/3
  1280 | D:2      | Found an iron altar of Okawaru.
  1338 | D:2      | Found a hazy altar of Hepliaklqana.
  1489 | D:2      | Reached skill level 4 in Axes
  1489 | D:2      | Reached XP level 4. HP: 34/40 MP: 4/4
  2172 | D:2      | Reached XP level 5. HP: 38/46 MP: 5/5
  2614 | D:3      | Reached skill level 5 in Axes
  2797 | D:3      | Reached XP level 6. HP: 53/53 MP: 6/6
  2805 | D:3      | Found a hide-covered altar of Uskayaw.
  2805 | D:3      | Noticed a +0 hand axe
  2805 | D:3      | Noticed a +0 hand axe
  3128 | D:3      | Found a radiant altar of Vehumet.
  3658 | D:3      | Reached skill level 6 in Axes
  3879 | D:4      | Found a shadowy altar of Dithmenos.
  3879 | D:4      | Found a snail-covered altar of Cheibriados.
  3880 | D:4      | Found a sacrificial altar of Ru.
  4032 | D:4      | Found a staircase to the Ecumenical Temple.
  4052 | Temple   | Entered the Ecumenical Temple
  4169 | Temple   | Became a worshipper of the Shining One
  4224 | D:4      | Found a glowing golden altar of the Shining One.
  4244 | D:4      | Reached skill level 5 in Shields
  4244 | D:4      | Reached XP level 7. HP: 41/60 MP: 7/7
  4614 | D:5      | Entered Level 5 of the Dungeon
  4614 | D:5      | Noticed a two-headed ogre
  4629 | D:4      | Killed a two-headed ogre
  4629 | D:4      | Reached skill level 5 in Fighting
  4629 | D:4      | Reached skill level 8 in Axes
  4629 | D:4      | Reached skill level 5 in Armour
  4629 | D:4      | Reached XP level 8. HP: 23/70 MP: 8/8
  5429 | D:5      | Found a shimmering altar of Xom.
  5656 | D:5      | Found a stormy altar of Qazlal.
  5659 | D:5      | Found a blossoming altar of Fedhas.
  5708 | D:5      | Reached * piety under the Shining One
  5720 | D:5      | Found an ancient bone altar of Kikubaaqudgha.
  5850 | D:5      | Found a shimmering blue altar of Sif Muna.
  6209 | D:6      | Reached skill level 9 in Axes
  6292 | D:6      | Reached XP level 9. HP: 68/77 MP: 9/9
  6415 | D:6      | Noticed a two-headed ogre
  6425 | D:6      | HP: 1/77 [two-headed ogre/+0 giant club (15)]
  6755 | D:6      | Killed a two-headed ogre
  6755 | D:6      | Reached skill level 10 in Axes
  6755 | D:6      | Reached skill level 1 in Slings
  7077 | D:6      | Reached skill level 1 in Evocations
  7346 | D:6      | Reached skill level 1 in Invocations
  7640 | D:6      | Found a shadowy altar of Dithmenos.
  7730 | D:7      | Reached skill level 11 in Axes
  8184 | D:7      | Found a shattered altar of Ashenzari.
  8271 | D:7      | Reached ** piety under the Shining One
  8509 | D:7      | Reached XP level 10. HP: 87/87 MP: 11/11
  8696 | D:8      | Found Zuajicr Cuur's Antique Armour Boutique.
  8699 | D:8      | Bought a runed buckler for 255 gold pieces
  8824 | D:8      | Reached skill level 12 in Axes
  8904 | D:8      | Noticed a death yak
  8904 | D:8      | Noticed a death yak
  8934 | D:8      | Noticed a death yak
  8949 | D:7      | Killed a death yak
  9338 | D:7      | Killed a death yak
 10015 | D:8      | Reached skill level 13 in Axes
 10160 | D:8      | Found a staircase to the Lair.
 10580 | D:8      | Reached *** piety under the Shining One
 11029 | D:9      | Reached XP level 11. HP: 85/94 MP: 12/12
 11224 | D:9      | Paralysed by a hornet for 2 turns
 11756 | D:9      | Reached skill level 14 in Axes
 12112 | D:10     | Entered Level 10 of the Dungeon
 12115 | D:10     | Noticed Erolcha
 12129 | D:9      | Killed Erolcha
 12445 | D:10     | Noticed Josephine
 12476 | D:10     | Killed Josephine
 12948 | D:10     | Reached skill level 15 in Axes
 12986 | D:10     | Found a runed translucent gate.
 12987 | D:10     | Found a runed translucent gate.
 12988 | D:10     | Found a runed translucent gate.
 12988 | D:10     | Noticed monokles's ghost (journeyman FoSk)
 13372 | D:11     | Reached skill level 10 in Fighting
 13701 | D:11     | Reached **** piety under the Shining One
 13925 | D:11     | Found a shimmering altar of Xom.
 13929 | D:11     | Found a shimmering altar of Xom.
 13929 | D:11     | Found a shimmering altar of Xom.
 13930 | D:11     | Found a shimmering altar of Xom.
 13932 | D:11     | Found a shimmering altar of Xom.
 14129 | D:11     | Found a staircase to the Orcish Mines.
 14189 | D:11     | Noticed a five-headed hydra
 14256 | D:11     | Identified a scroll of acquirement
 14259 | D:11     | Identified the +2 cloak of the Vestibule of Hell {*Corrode
                  | +Fly rF+} (You acquired it on level 11 of the Dungeon)
 14366 | D:11     | Killed a five-headed hydra
 14548 | D:11     | Reached XP level 12. HP: 106/106 MP: 14/14
 14752 | Lair:1   | Entered Level 1 of the Lair of Beasts
 15109 | Lair:1   | Reached skill level 1 in Maces & Flails
 15822 | Lair:2   | Reached skill level 16 in Axes
 16710 | Lair:2   | Noticed Gastronok
 16721 | Lair:2   | Killed Gastronok
 16721 | Lair:2   | Reached skill level 17 in Axes
 17128 | Lair:3   | Found a staircase to the Swamp.
 17156 | Lair:3   | Reached skill level 10 in Armour
 17161 | Lair:3   | Found a frozen archway.
 17177 | IceCv    | Entered an ice cave
 17417 | IceCv    | Reached XP level 13. HP: 81/115 MP: 10/15
 17810 | IceCv    | Got a jewelled ring mail
 17827 | IceCv    | Identified the cursed +0 ring mail "Pampuoddo" {rN+ rCorr
                  | Str+2} (You found it in an ice cave)
 17975 | IceCv    | Reached skill level 18 in Axes
 18111 | IceCv    | Reached skill level 10 in Shields
 18286 | IceCv    | Noticed a white draconian
 18312 | IceCv    | Killed a white draconian
 18645 | Lair:3   | Found a staircase to the Snake Pit.
 20282 | Lair:3   | Found the +0 mask of the Dragon {MR+ Slay+3 SInv}
 20475 | Lair:4   | Got a distressingly furry robe
 20476 | Lair:4   | Identified the +4 robe of Hopscotch {rElec Str+4} (You
                  | found it on level 4 of the Lair of Beasts)
 20690 | Lair:4   | Found a runed translucent gate.
 20691 | Lair:4   | Found a runed translucent gate.
 20693 | Lair:4   | Found a runed translucent gate.
 21067 | Lair:4   | Reached ***** piety under the Shining One
 21181 | Lair:4   | Reached XP level 14. HP: 128/128 MP: 16/16
 21207 | Lair:4   | Noticed Tiynuago's ghost (journeyman VSFi)
 21215 | Lair:4   | Killed Tiynuago's ghost
 21380 | Lair:4   | Got the ring of Koynouk {Fire}
 21382 | Lair:4   | Identified the ring of Koynouk {Fire Str+3 Dex+3 SInv
                  | Stlth+} (You found it on level 4 of the Lair of Beasts)
 22168 | Lair:6   | Entered Level 6 of the Lair of Beasts
 22306 | Lair:6   | Reached skill level 19 in Axes
 23084 | Lair:6   | Got an encrusted spear
 23093 | Lair:6   | Identified the +2 spear of Skirmishing {distort, rF+ MP+9
                  | SInv} (You found it on level 6 of the Lair of Beasts)
 23253 | Lair:6   | Got a heavily runed leather armour
 23264 | Lair:6   | Identified the +1 leather armour "Cagath" {*Slow Str+5}
                  | (You found it on level 6 of the Lair of Beasts)
 23293 | Lair:6   | Found a staircase to the Slime Pits.
 24030 | D:10     | Killed monokles's ghost
 24236 | Orc:1    | Entered Level 1 of the Orcish Mines
 24350 | Orc:1    | You fall into a shaft and drop 1 floor!
 24350 | Orc:2    | Entered Level 2 of the Orcish Mines
 24916 | Orc:1    | Reached XP level 15. HP: 130/137 MP: 15/17
 25030 | Orc:2    | Reached ****** piety under the Shining One
 25428 | Orc:2    | Found Bib Oba's Antique Weapon Emporium.
 25428 | Orc:2    | Found Folikkuu's Weapon Shoppe.
 25428 | Orc:2    | Found Gissedin's Weapon Shoppe.
 25432 | Orc:2    | Found Owaino Puusu's Book Emporium.
 25435 | Orc:2    | Bought an iridescent morningstar for 216 gold pieces
 25436 | Orc:2    | Identified the cursed +2 morningstar of Apnaer {vorpal,
                  | Str+5} (You bought it in a shop on level 2 of the Orcish
                  | Mines)
 25516 | Orc:2    | Found a staircase to the Elven Halls.
 25727 | Orc:2    | Noticed Urug
 25742 | Orc:2    | Killed Urug
 25745 | Orc:2    | Noticed Caramio's ghost (journeyman GrBe)
 25751 | Orc:2    | Found a transporter.
 25773 | Orc:2    | Found a transporter.
 26346 | Orc:2    | Killed Caramio's ghost
 26362 | Orc:2    | Got a dazzling long sword
 26371 | Orc:2    | Got a pair of twisted boots
 26377 | Orc:2    | Identified the cursed +0 pair of boots "Ugraerhira" {Dex+4
                  | Stlth+} (You found it on level 2 of the Orcish Mines)
 26393 | Orc:2    | Identified the +7 long sword "Lamavv Xudyi" {venom, +Blink}
                  | (You found it on level 2 of the Orcish Mines)
 27648 | D:13     | Found a shimmering blue altar of Sif Muna.
 27693 | D:13     | Found a flagged portal.
 27701 | Bailey   | Entered a bailey
 28707 | D:13     | Found a gate to the Vaults.
 28742 | D:13     | Reached skill level 15 in Fighting
 28742 | D:13     | Reached skill level 20 in Axes
 28747 | D:13     | Reached skill level 5 in Invocations
 29409 | D:14     | Reached XP level 16. HP: 149/149 MP: 20/20
 29562 | D:14     | Identified a +5 broad axe of holy wrath (a +3 broad axe
                  | blessed by the Shining One)
 29562 | D:14     | Received a gift from the Shining One
 30186 | D:15     | Entered Level 15 of the Dungeon
 30757 | D:15     | Noticed Rupert
 30769 | D:15     | Killed Rupert
 30883 | D:15     | Gained mutation: You possess an exceptional clarity of
                  | mind. [potion of mutation]
 30883 | D:15     | Gained mutation: You evolve. [potion of mutation]
 30991 | D:15     | Identified the cursed +1 war axe "Miankin" {vorpal, Fragile
                  | MR+++ Stlth+}
 31048 | D:15     | Noticed Kirke
 31058 | D:15     | Killed Kirke
 31228 | D:15     | Gained mutation: You have sharp toenails. [evolution]
 31254 | D:15     | Noticed Louise
 31282 | D:15     | Killed Louise
 31406 | D:15     | Found a staircase to the Depths.
 32471 | Swamp:1  | Entered Level 1 of the Swamp
 32854 | Swamp:1  | You fall into a shaft and drop 1 floor!
 35147 | Swamp:3  | Reached skill level 21 in Axes
 35147 | Swamp:3  | Reached XP level 17. HP: 158/159 MP: 24/24
 35757 | Swamp:4  | Entered Level 4 of the Swamp
 35775 | Swamp:3  | Reached skill level 10 in Invocations
 36476 | Swamp:3  | Upgraded the game from 0.25-a0-942-g87a53962fc to
                  | 0.25-a0-949-gdd2af9e06e
 37347 | Swamp:4  | Got a decaying rune of Zot
 38012 | Snake:1  | Entered Level 1 of the Snake Pit
 38012 | Snake:1  | Noticed Donald
 38025 | Snake:1  | Killed Donald
 38231 | Snake:1  | Lost mutation: You possess an exceptional clarity of mind.
                  | [evolution]
 38231 | Snake:1  | Lost mutation: You evolve. [end of evolution]
 38342 | Snake:1  | Noticed Aizul
 38362 | Snake:1  | Killed Aizul
 38362 | Snake:1  | Reached skill level 15 in Armour
 38899 | Snake:1  | Reached XP level 18. HP: 160/170 MP: 22/25
 39277 | Snake:2  | Reached skill level 15 in Shields
 39315 | Snake:2  | Got a faintly humming plate armour
 39316 | Snake:2  | Identified the +3 plate armour of the Princess {rF+} (You
                  | found it on level 2 of the Snake Pit)
 41078 | Snake:3  | Noticed Roxanne
 41484 | Snake:3  | Reached skill level 22 in Axes
 42080 | Snake:4  | Entered Level 4 of the Snake Pit
 42505 | Snake:4  | Noticed Bai Suzhen
 42552 | Snake:4  | Killed Bai Suzhen
 42609 | Snake:4  | Reached XP level 19. HP: 112/180 MP: 3/26
 44930 | Snake:4  | Got a smelly chain mail
 44931 | Snake:4  | Identified the cursed +1 chain mail of the Untouchables
                  | {+Fly Str-2 Int+6} (You found it on level 4 of the Snake
                  | Pit)
 45124 | Snake:4  | Got a serpentine rune of Zot
 45532 | Vaults:1 | Entered Level 1 of the Vaults
 45982 | Vaults:1 | Reached XP level 20. HP: 191/191 MP: 28/28
 46091 | Vaults:1 | Reached skill level 23 in Axes
 46596 | Vaults:1 | Identified the +0 plate armour of Ciuwoime {rPois SInv}
                  | (You acquired it on level 1 of the Vaults)
 46596 | Vaults:1 | Identified the amulet "Capley Wini" {Acrobat rF+ MR+ Dex+3}
                  | (You acquired it on level 1 of the Vaults)
 46668 | Vaults:1 | Found Kubomp's Book Emporium.
 47356 | Vaults:2 | Identified the +8 whip "Rene" {elec, Dex+4}
 47788 | Vaults:2 | Found a runed translucent gate.
 47788 | Vaults:2 | Found a runed translucent gate.
 47788 | Vaults:2 | Found a runed translucent gate.
 47789 | Vaults:2 | Found an opulent altar of Gozag.
 47789 | Vaults:2 | Noticed Miduin's ghost (adept TeSu)
 47792 | Vaults:2 | Found Doisis Boi's Assorted Antiques.
 49417 | Vaults:3 | Found a staircase to the Crypt.
 50127 | Vaults:4 | Found Xerocwud's Jewellery Boutique.
 50167 | Vaults:4 | Reached XP level 21. HP: 202/202 MP: 29/29
 50332 | Vaults:4 | Reached skill level 24 in Axes
 50751 | Vaults:4 | Found a portal to a secret trove of treasure.
 51015 | Vaults:4 | Found an opulent altar of Gozag.
 51925 | Elf:1    | Entered Level 1 of the Elven Halls
 52087 | Elf:1    | You fall into a shaft and drop 1 floor!
 52844 | Elf:3    | Entered Level 3 of the Elven Halls
 52978 | Elf:2    | Found Wukk's Armour Boutique.
 53175 | Elf:2    | Found a huge runed translucent gate.
 53175 | Elf:2    | Found a huge runed translucent gate.
 53175 | Elf:2    | Found a huge runed translucent gate.
 53175 | Elf:2    | Found a huge runed translucent gate.
 53176 | Elf:2    | Found a huge runed translucent gate.
 54685 | Elf:1    | Identified the Tome of the Curious Dances
 55379 | Depths:1 | Entered Level 1 of the Depths
 55479 | Depths:1 | Found Vyakeuth's Changing Room.
 55704 | Depths:1 | Reached XP level 22. HP: 213/213 MP: 30/30
 56131 | Depths:1 | Noticed Sojobo
 56176 | Depths:1 | Killed Sojobo
 56341 | Depths:1 | Found a gateway to Hell.
 56366 | Depths:1 | Found a one-way gate leading to the halls of Pandemonium.
 56816 | Depths:2 | Found a one-way gate to the infinite horrors of the Abyss.
 56865 | Depths:2 | Reached skill level 25 in Axes
 58021 | Depths:2 | Noticed Mennas
 58022 | Depths:2 | Found a glowing silver altar of Zin.
 58285 | Depths:2 | Killed Mennas
 58722 | Depths:2 | Got a pair of shimmering gloves
 58723 | Depths:2 | Identified the +2 pair of gloves of Greed {*Contam rElec
                  | rF+ Int+4 SInv} (You found it on level 2 of the Depths)
 59247 | Depths:3 | Found Asisec's Gadget Emporium.
 59331 | Depths:3 | Found a gateway to a ziggurat.
 60055 | Depths:4 | Gained mutation: You are frail. (-10% HP) [a shining eye]
 60200 | Depths:4 | Reached XP level 23. HP: 191/200 MP: 28/32
 60203 | Depths:4 | Noticed a golden dragon
 60227 | Depths:4 | Killed a golden dragon
 60757 | Depths:4 | Noticed a golden dragon
 60784 | Depths:4 | Killed a golden dragon
 60904 | Depths:4 | Found the amulet of the Air {Inacc +Fly rElec EV+5 RMsl}
 60959 | Depths:4 | Identified Unaz Xig's Volume of Transmigration and the
                  | Volcanoes
 60987 | Depths:4 | Got a steaming war axe
 60988 | Depths:4 | Identified the +5 war axe of Syhoul {antimagic, Dex+4} (You
                  | found it on level 4 of the Depths)
 61006 | Depths:4 | Got a pair of translucent gloves
 61007 | Depths:4 | Identified the +2 pair of gloves of the Trees {rC+} (You
                  | found it on level 4 of the Depths)
 61015 | Depths:4 | Got a shimmering copper amulet
 61016 | Depths:4 | Identified the amulet "Zusag" {Regen+ Dex+3} (You found it
                  | on level 4 of the Depths)
 61022 | Depths:4 | Got an ancient hand axe
 61023 | Depths:4 | Identified the +5 hand axe of Reason {vorpal, Dex+2} (You
                  | found it on level 4 of the Depths)
 62229 | Depths:4 | Found Wawno's Jewellery Boutique.
 62229 | Depths:4 | Found Civiys's Gadget Emporium.
 62230 | Depths:4 | Found Gymeff's Gadget Emporium.
 62399 | Depths:5 | Entered Level 5 of the Depths
 62546 | Depths:5 | Noticed a golden dragon
 62575 | Depths:5 | Killed a golden dragon
 62575 | Depths:5 | Reached skill level 26 in Axes
 63712 | Depths:5 | Noticed a golden dragon
 63713 | Depths:5 | Noticed a golden dragon
 63777 | Depths:5 | Was placed under penance by the Shining One
 63788 | Depths:5 | Killed a golden dragon
 63795 | Depths:5 | Killed a golden dragon
 63795 | Depths:5 | Reached XP level 24. HP: 127/211 MP: 17/32
 63994 | Depths:5 | Found a gate to the Realm of Zot.
 64810 | Depths:1 | Got a blackened leather armour
 64821 | Depths:1 | Identified the cursed +1 leather armour of Sif Muna's
                  | Esteem {MR- Str+8 Int-5 Slay+4} (You found it on level 1 of
                  | the Depths)
 65315 | Crypt:1  | Entered Level 1 of the Crypt
 65509 | Crypt:1  | Was forgiven by the Shining One
 66806 | Crypt:3  | Entered Level 3 of the Crypt
 67356 | Crypt:3  | Found an ancient bone altar of Kikubaaqudgha.
 67378 | Crypt:3  | Reached skill level 27 in Axes
 67380 | Crypt:3  | Identified the +7 tower shield "Omoostyrif" {+Blink rF-
                  | Regen+ Dex+4}
 67482 | Crypt:3  | Identified the amulet of Desertification {rElec rF- Regen+
                  | Int+2 Dex+6} (You found it on level 3 of the Crypt)
 67507 | Crypt:3  | Got a brightly glowing steel ring
 68302 | Crypt:3  | Found a staircase to the Tomb.
 69341 | Depths:5 | Voluntarily entered the Abyss.
 69396 | Abyss:2  | Found a corrupted altar of Lugonu.
 69536 | Abyss:3  | Reached XP level 25. HP: 203/220 MP: 32/32
 69572 | Abyss:3  | Lost mutation: You have sharp toenails. [potion of
                  | mutation]
 69572 | Abyss:3  | Lost mutation: You are frail. (-10% HP) [potion of
                  | mutation]
 69572 | Abyss:3  | Gained mutation: You have large cloven feet. [potion of
                  | mutation]
 69572 | Abyss:3  | Gained mutation: You are agile. (Dex +2) [potion of
                  | mutation]
 69669 | Abyss:3  | Found a shadowy altar of Dithmenos.
 69677 | Abyss:3  | Found a sparkling altar of Nemelex Xobeh.
 69677 | Abyss:3  | Found a shattered altar of Ashenzari.
 69679 | Abyss:3  | Found a basalt altar of Yredelemnul.
 69679 | Abyss:3  | Found a shimmering blue altar of Sif Muna.
 69679 | Abyss:3  | Found an ancient bone altar of Kikubaaqudgha.
 69688 | Abyss:3  | Found a glowing golden altar of the Shining One.
 69688 | Abyss:3  | Found a hide-covered altar of Uskayaw.
 69688 | Abyss:3  | Found a burning altar of Makhleb.
 69688 | Abyss:3  | Found an opulent altar of Gozag.
 69688 | Abyss:3  | Found a blossoming altar of Fedhas.
 69688 | Abyss:3  | Found a bloodstained altar of Trog.
 69688 | Abyss:3  | Found a glowing silver altar of Zin.
 69688 | Abyss:3  | Found an iron altar of Okawaru.
 69688 | Abyss:3  | Found a hazy altar of Hepliaklqana.
 69688 | Abyss:3  | Found a white marble altar of Elyvilon.
 69688 | Abyss:3  | Found a burning altar of Makhleb.
 69688 | Abyss:3  | Found a radiant altar of Vehumet.
 69694 | Abyss:3  | Found a shimmering altar of Xom.
 69694 | Abyss:3  | Found a stormy altar of Qazlal.
 69694 | Abyss:3  | Found a snail-covered altar of Cheibriados.
 69702 | Abyss:3  | Found a burning altar of Makhleb.
 69751 | Abyss:3  | Found a blossoming altar of Fedhas.
 69752 | Abyss:3  | Found a shimmering blue altar of Sif Muna.
 69777 | Abyss:3  | Found a hide-covered altar of Uskayaw.
 70743 | Abyss:3  | Gained mutation: You are weak. (Str -2) [a neqoxec]
 71230 | Abyss:3  | Paralysed by you for 5 turns
 71538 | Abyss:3  | Paralysed by accursed screaming for 2 turns
 71822 | Abyss:3  | Reached XP level 26. HP: 229/258 MP: 32/32
 71854 | Abyss:3  | Found a corrupted altar of Lugonu.
 72086 | Abyss:3  | Was placed under penance by the Shining One
 72186 | Abyss:3  | Found a corrupted altar of Lugonu.
 72292 | Abyss:3  | Found a corrupted altar of Lugonu.
 72623 | Abyss:3  | Was forgiven by the Shining One
 72748 | Abyss:3  | Noticed an ancient lich
 72755 | Abyss:3  | Killed an ancient lich
 72997 | Abyss:3  | Found a glowing golden altar of the Shining One.
 73065 | Abyss:3  | Noticed a juggernaut
 73087 | Abyss:3  | Killed a juggernaut
 73102 | Abyss:3  | Got an abyssal rune of Zot
 73214 | Depths:5 | Escaped the Abyss
 73445 | Zot:1    | Entered Level 1 of the Realm of Zot
 75106 | Zot:1    | Upgraded the game from 0.25-a0-949-gdd2af9e06e to
                  | 0.25-a0-972-g74ed164fb1
 75146 | Zot:2    | Identified the +6 tower shield of the Cartwright {+Fly rF+
                  | Slay+3 SInv}
 75158 | Zot:2    | Reached XP level 27. HP: 270/270 MP: 28/32
 75340 | Zot:2    | Found the +8 storm bow {elec, penet}
 75340 | Zot:2    | Found a transporter.
 75775 | Zot:2    | Found a transporter.
 75777 | Zot:2    | You fall into a shaft and drop 1 floor!
 76054 | Zot:2    | Noticed an orb of fire
 76065 | Zot:2    | Killed an orb of fire
 76369 | Zot:3    | Upgraded the game from 0.25-a0-972-g74ed164fb1 to
                  | 0.25-a0-990-g0adbbaad2a
 77003 | Zot:3    | HP: 8/271 [purple draconian stormcaller/divine providence
                  | (15)]
 77004 | Zot:3    | Killed from afar by a white draconian

Illustrated notes

Levels and vault maps discovered:
D:1:      shiori_arrival_oz, layout_loops_corners
D:2:      layout_loops_ring, lemuel_crystal_altar,
          nicolae_overflow_crystal_walls
D:3:      layout_loops_ring, lemuel_crystal_altar, dancing_weapons_uskayaw
D:4:      layout_rooms, gammafunk_temple_overflow_forgotten,
          minmay_temple_entry_offerings, minmay_misc_feat_iff, st_stairs_8,
          nicolae_tso_carved_into_rock
D:5:      layout_basic, grunt_temple_overflow_forces_of_nature,
          marbit_many_paths, nicolae_overflow_hidden_temple,
          kennysheep_vampire_church, first_ration
D:6:      layout_loops_ring, chequers_mini_garden, grunt_dithmenos_shadows
D:7:      layout_basic, lemuel_doored_altar, grunt_ogre_cave
D:8:      layout_cave_pools, dpeg_lair_monsters, serial_shops, shop,
          kennysheep_crisscross, st_stairs_7
D:9:      layout_basic
D:10:     layout_loops_ring, gammafunk_ghost_nasty_kobolds, uniq_josephine,
          uniq_erolcha
D:11:     layout_stronghold, orc_0_dummy, xom_redecorated
D:12:     layout_loops_ring, minivault_20
D:13:     layout_loops_cross, lightli_vaults_fourway_checkpoint, basic_altar,
          enter_bailey_3
D:14:     layout_cave_pods, grunt_decor_clamped, columned_hall_lemuel
D:15:     hangedman_depths_entry_try_elsewhere_first, layout_long_grid,
          minmay_misc_feat_nine_boxes, uniq_kirke, uniq_rupert, uniq_louise
Temple:   nicolae_temple_figure_zero
Lair:1:   layout_cave_pods, chequers_serial_rivers_micro_c, st_stairs_6
Lair:2:   layout_chaotic_city, st_stairs_10, uniq_gastronok
Lair:3:   layout_regular_city, swamp_mist_pool,
          minmay_snake_entry_six_corridors, portal_ice_cave_rime,
          gauntlet_entry_generic
Lair:4:   layout_gridlike, gammafunk_ghost_icy
Lair:5:   layout_hall_layers
Lair:6:   grunt_lair_end_beastmaster, layout_regular_city,
          minmay_slime_entry_pillars
Swamp:1:  layout_falls_marsh, nicolae_swamp_dense_foliage,
          infiniplex_staircase_pool
Swamp:2:  layout_falls_marsh, hangedman_swamp_ruin_wall
Swamp:3:  layout_basic_swamp, evilmike_swamp_ruin_house_2, swamp_pool1,
          statue_in_the_mist_lemuel
Swamp:4:  swamp_vile, layout_basic_swamp
Snake:1:  layout_misc_corridors, st_stairs_1, hangedman_venom_bottle,
          uniq_aizul, uniq_donald
Snake:2:  layout_cave_shapes, grunt_ministairs_8, st_stairs_3
Snake:3:  layout_misc_corridors, uniq_roxanne
Snake:4:  grunt_snake_rune_serpentine_throne, layout_basic, special_room,
          grunt_megastairs_2, uniq_bai_suzhen
Orc:1:    layout_caves
Orc:2:    st_orc_mages, layout_caves, gammafunk_ghost_berserking_beasts,
          uniq_urug
Elf:1:    eino_elf_arrival_sip, layout_onion_city, minmay_elf_sorcery
Elf:2:    layout_geoelf_diagonals, serial_shops, nicolae_shop_statue_plus,
          fountainhead, minivault_16, hex_large
Elf:3:    minmay_elf_hall_spiked, layout_geoelf_octagon
Vaults:1: ontoclasm_vaults_chip, grunt_vaults_funnel, vaults_dpeg_ring,
          ontoclasm_vaults_tryst, vaults_room_hallway,
          vaults_room_stairs_pillars, nicolae_vaults_little_squares_4,
          v_alt_pattern_3, st_spiral_rooms, vaults_room_mumra_shop_pool,
          v_misc_1, nicolae_vaults_mini_display_case, layout_vaults_maze_snakey
Vaults:2: ebering_vaults_ghost_gozag, hangedman_vaults_unwind,
          hangedman_vaults_cutoff, v_rooms_6, v_misc_26, ontoclasm_vaults_spin,
          nicolae_vaults_asterisk, ontoclasm_vaults_idyll, vaults_dpeg_spiral,
          v_misc_9, grunt_vaults_hallway_short, nicolae_vaults_theta,
          ontoclasm_vaults_fault, nicolae_vaults_shelves_hall,
          ontoclasm_vaults_decontamination, nicolae_vaults_shelves_hall,
          layout_vaults_omnibox
Vaults:3: v_misc_4, grunt_vaults_diagonal, v_rooms_5, v_misc_12,
          blue_anna_dwarven_crypt, nicolae_vaults_big_ls, v_misc_2,
          ontoclasm_vaults_ring_large, vaults_room_fours,
          vaults_room_stairs_pillars, nicolae_vaults_rhombus_6,
          layout_vaults_omnigrid
Vaults:4: nicolae_vaults_little_squares_4, nicolae_vaults_puzzle_piece,
          ontoclasm_vaults_chip, vaults_room_fancy_cross, vaults_room_hallway,
          nicolae_vaults_little_squares_3, ontoclasm_vaults_bender,
          nicolae_vaults_little_squares_6, grunt_vaults_hallway_short, v_misc_3,
          hangedman_vaults_nodes, vaults_room_door_ring, layout_vaults_ring,
          basic_altar, enter_trove_0, serial_shops, nicolae_shop_trees
Crypt:1:  layout_rooms, serial_corexii_hall, corexii_hall_statues_l,
          corexii_hall_statues_i, eino_tiny_chamber, grunt_megastairs_3,
          grunt_crypt_arrival_webbed
Crypt:2:  layout_misc_corridors, serial_sigils, serial_sigils_hangedman_gut,
          serial_sigils_hangedman_confine, serial_sigils_hangedman_scar,
          serial_sigils_hangedman_quiver, palyth_stone_intersect, minivault_23
Crypt:3:  church_of_pain_bobbens, layout_chaotic_city,
          nicolae_tomb_entry_grand_gallery
Depths:1: layout_cave_pools, hell_entry, grunt_pan_entry_in_and_out,
          serial_bayou_pond_d, minivault_11, minmay_crystal_room,
          nicolae_transmutations_shop, corexii_hall_statues_l, minivault_12,
          uniq_sojobo
Depths:2: evilmike_silver_temple, layout_basic, abyss_entry,
          grunt_mini_vestibule, chequers_serial_rivers_micro_e,
          lightli_fourway_metalbox, serial_bayou_shore_b,
          minmay_staircase_windowed_small
Depths:3: cheibrodos_birdhouse, layout_basic, enter_ziggurat_b,
          rand_demon_pan_entry_5, pf_dread_powers_of_hell, serial_shops,
          nicolae_shop_temple_entry_statues_fountains, lemuel_old_faithful,
          minmay_staircase_bubble
Depths:4: gold_lair_mu, layout_basic, grunt_hell_entry_dis_old,
          abyss_entry_small_statue_room, onia_ninara_cookie, minmay_shop_grove
Depths:5: evilmike_zot_entry_hall, layout_gridlike, abyss_entry, hell_entry,
          bh_walls_and_bars, rand_demon_pan_entry_8
Zot:1:    layout_gridlike
Zot:2:    gammafunk_sealed_arena, layout_gridville
Zot:3:    nicolae_moth_party, layout_gridlike, grunt_megastairs_4

Skill      XL: |  1  2  3  4  5  6  7  8  9 10 11 12 13 14 15 16 17 18 19 20 21 22 23 24 25 26 27 |
---------------+----------------------------------------------------------------------------------+-----
Fighting       | 4 5 6 7 8 10 11 13 14 15 16 17 18 19 20 21 22 23 25 26 | 26.8
Axes           | 3 4 5 6 8 9 11 13 15 17 18 19 20 21 22 23 24 25 26 27 | 27.0
Shields        | 4 5 6 7 8 9 10 11 12 13 14 16 17 18 19 20 21 22 23 25 | 25.8
Armour         | 4 5 6 7 8 9 10 11 13 14 15 16 17 18 19 20 | 20.0
Slings         | 1 2 |  2.5
Evocations     | 1 2 |  2.6
Invocations    | 2 3 6 9 10 11 12 | 12.9
Maces & Flails | 1 3 4 |  4.7

Action                   |  1- 3 |  4- 6 |  7- 9 | 10-12 | 13-15 | 16-18 | 19-21 | 22-24 | 25-27 || total
-------------------------+-------+-------+-------+-------+-------+-------+-------+-------+-------++-------
Melee: War axe           |   140 |   304 |   141 |       |       |       |       |       |       ||   585
       Dire flail        |       |       |     1 |     3 |    33 |     4 |       |       |       ||    41
       Broad axe         |       |       |    58 |   571 |   958 |  1034 |  1243 |  1289 |  1208 ||  6361
       Morningstar       |       |       |       |       |     8 |       |       |       |       ||     8
       Eveningstar       |       |       |       |       |       |    83 |       |       |       ||    83
 Fire: Hunting sling     |       |     9 |     3 |    13 |       |       |       |       |       ||    25
Invok: Divine Shield     |       |       |       |     2 |       |       |       |     1 |     1 ||     4
       Summon Divine War |       |       |       |       |       |     7 |     6 |    22 |    34 ||    69
       Brand Weapon With |       |       |       |       |       |     1 |       |       |       ||     1
       Cleansing Flame   |       |       |       |       |       |       |       |     4 |     1 ||     5
 Abil: Evoke Flight      |       |       |       |       |       |       |       |     1 |       ||     1
Evoke: Wand              |       |       |     6 |       |    15 |     5 |     5 |    10 |       ||    41
       Lightning rod     |       |       |       |       |       |     8 |       |       |     2 ||    10
  Use: Scroll            |     5 |     3 |     6 |    11 |    25 |    20 |    19 |    19 |     9 ||   117
       Potion            |     2 |     3 |     2 |       |     2 |     6 |     3 |     1 |    25 ||    44
  Eat: Chunk             |     2 |     9 |     7 |    10 |    24 |    20 |    29 |    18 |     4 ||   123
       Ration            |       |       |     2 |     6 |     4 |     8 |     4 |     9 |     9 ||    42
Armor: Scale mail        |    58 |    11 |       |       |       |       |       |       |       ||    69
       Chain mail        |       |   135 |    89 |    44 |       |       |       |       |       ||   268
       Plate armour      |       |       |       |   205 |   334 |   408 |    68 |       |       ||  1015
       Crystal plate arm |       |       |       |       |    62 |    85 |   255 |   359 |   384 ||  1145
       Ring mail         |       |       |       |       |       |       |     4 |       |       ||     4
Dodge: Dodged            |    51 |    70 |    36 |   136 |   165 |   150 |   141 |   141 |   102 ||   992
Block: Kite shield       |    72 |   168 |    84 |     9 |   381 |   111 |       |       |       ||   825
       Buckler           |       |       |       |   186 |    60 |       |       |       |       ||   246
       Tower shield      |       |       |       |       |       |   930 |   999 |   973 |   992 ||  3894

Table legend:
 A = Non-vault XP
 B = Vault XP
 C = Vault XP percentage of total XP
 D = Non-vault monster count
 E = Vault monster count
 F = Vault count percentage of total count
                 A         B        C        D         E       F
            +---------+---------+-------+---------+---------+-------
      Total |  876514 |  446733 |  33.8 |    1825 |     766 |  29.6
            +---------+---------+-------+---------+---------+-------
        D:1 |      25 |       2 |   7.4 |      17 |       1 |   5.6
        D:2 |     203 |       0 |   0.0 |      38 |       0 |   0.0
        D:3 |     283 |       0 |   0.0 |      33 |       0 |   0.0
        D:4 |    1036 |       0 |   0.0 |       6 |       0 |   0.0
        D:5 |     442 |      14 |   3.1 |      16 |       7 |  30.4
        D:6 |    1817 |      11 |   0.6 |      27 |       1 |   3.6
        D:7 |     836 |    1874 |  69.2 |      22 |       3 |  12.0
        D:8 |    2012 |     261 |  11.5 |      27 |       8 |  22.9
        D:9 |    1725 |     973 |  36.1 |      27 |       1 |   3.6
       D:10 |    2180 |    4910 |  69.3 |      16 |      20 |  55.6
       D:11 |    2838 |       0 |   0.0 |      30 |       0 |   0.0
       D:12 |    5431 |     792 |  12.7 |      28 |       2 |   6.7
       D:13 |    9828 |    7323 |  42.7 |      42 |      16 |  27.6
       D:14 |   18047 |       0 |   0.0 |      52 |       0 |   0.0
       D:15 |   16694 |   18807 |  53.0 |      41 |      16 |  28.1
     Lair:1 |    1097 |       0 |   0.0 |       5 |       0 |   0.0
     Lair:2 |    6462 |    2461 |  27.6 |      31 |       3 |   8.8
     Lair:3 |    6038 |    3372 |  35.8 |      22 |      19 |  46.3
     Lair:4 |    2772 |    2726 |  49.6 |      12 |      11 |  47.8
     Lair:5 |    1644 |       0 |   0.0 |       9 |       0 |   0.0
     Lair:6 |   11750 |   10528 |  47.3 |      28 |      23 |  45.1
    Swamp:1 |    7563 |       0 |   0.0 |      22 |       0 |   0.0
    Swamp:2 |    7073 |       0 |   0.0 |      15 |       0 |   0.0
    Swamp:3 |   19033 |    1999 |   9.5 |      39 |       2 |   4.9
    Swamp:4 |   16937 |   16812 |  49.8 |      47 |      28 |  37.3
    Snake:1 |   12276 |    5547 |  31.1 |      26 |       5 |  16.1
    Snake:2 |   16119 |    4981 |  23.6 |      30 |       5 |  14.3
    Snake:3 |   20402 |       0 |   0.0 |      33 |       0 |   0.0
    Snake:4 |   40672 |   45916 |  53.0 |      70 |      83 |  54.2
      Orc:1 |    1653 |    4367 |  72.5 |      38 |      15 |  28.3
      Orc:2 |    1442 |    5129 |  78.1 |      12 |      33 |  73.3
      Elf:1 |   11080 |    8211 |  42.6 |      18 |      13 |  41.9
      Elf:2 |   15936 |   23474 |  59.6 |      32 |      28 |  46.7
      Elf:3 |     563 |       0 |   0.0 |       1 |       0 |   0.0
   Vaults:1 |   23162 |   19708 |  46.0 |      40 |      31 |  43.7
   Vaults:2 |   13238 |   21868 |  62.3 |      25 |      33 |  56.9
   Vaults:3 |   19975 |   17863 |  47.2 |      34 |      26 |  43.3
   Vaults:4 |   16411 |   11468 |  41.1 |      31 |      12 |  27.9
    Crypt:1 |   25451 |    1511 |   5.6 |      31 |       2 |   6.1
    Crypt:2 |   21916 |       0 |   0.0 |      40 |       0 |   0.0
    Crypt:3 |   33256 |   34877 |  51.2 |      46 |      87 |  65.4
   Depths:1 |   21527 |    9698 |  31.1 |      23 |       6 |  20.7
   Depths:2 |   45114 |   25543 |  36.2 |      63 |      22 |  25.9
   Depths:3 |    9622 |    7460 |  43.7 |      11 |      12 |  52.2
   Depths:4 |   26109 |   45065 |  63.3 |      28 |      41 |  59.4
   Depths:5 |   37009 |   24400 |  39.7 |      37 |      16 |  30.2
      Zot:1 |   48840 |       0 |   0.0 |      27 |       0 |   0.0
      Zot:2 |   32601 |       0 |   0.0 |      10 |       0 |   0.0
      Zot:3 |   26593 |   10357 |  28.0 |      18 |       8 |  30.8
    Abyss:1 |    1143 |       0 |   0.0 |       2 |       0 |   0.0
    Abyss:2 |       8 |       0 |   0.0 |       1 |       0 |   0.0
    Abyss:3 |  210630 |   32111 |  13.2 |     446 |      47 |   9.5
     Bailey |       0 |    1225 | 100.0 |       0 |      30 | 100.0
      IceCv |       0 |   13089 | 100.0 |       0 |      50 | 100.0
            +---------+---------+-------+---------+---------+-------
